 Dungeon Crawl Stone Soup version 0.27.1-4-g1640c2035a (webtiles) character file.

Game seed: 8126619404125207734

3580 Gwenloh the Cleaver (level 9, -4/85 HPs)
             Began as a Deep Dwarf Berserker on Nov 14, 2021.
             Was a Priest of Trog.
             Slain by a shadow (16 damage)
             ... on level 7 of the Dungeon.
             The game lasted 00:35:04 (7136 turns).

Gwenloh the Cleaver (Deep Dwarf Berserker)          Turns: 7136, Time: 00:35:05

Health: -4/85      AC: 11    Str: 22    XL:     9   Next: 84%
Magic:  8/8        EV: 13    Int: 10    God:    Trog [***...]
Gold:   107        SH:  0    Dex: 15    Spells: 8/8 levels left

rFire    . . .     SeeInvis .   a - +0 war axe
rCold    . . .     Faith    .   (no shield)
rNeg     . . .     Spirit   .   C - +0 scale mail
rPois    .         Reflect  .   g - +1 helmet {Int+3}
rElec    .         Harm     .   (no cloak)
rCorr    .         Rampage  .   i - +0 pair of gloves
Will     +++..                  (no boots)
Stlth    ..........             (no amulet)
HPRegen  1.00/turn              (no ring)
MPRegen  0.11/turn              (no ring)

@: lethally poisoned (-4 -> -4), strong-willed, on berserk cooldown,
regenerating, slowed, very slow
A: damage resistance, heal wounds, sense surroundings 2, no regeneration
a: Heal Wounds, Renounce Religion, Berserk, Trog's Hand


You were on level 7 of the Dungeon.
You worshipped Trog.
Trog was most pleased with you.
You visited 1 branch of the dungeon, and saw 7 of its levels.

You collected 399 gold pieces.
You spent 292 gold pieces at shops.

Inventory:

Hand Weapons
 a - a +0 war axe (weapon)
 b - a +0 hunting sling
 n - a +0 trident
 u - a -2 executioner's axe
 F - a +2 dire flail
Missiles
 c - 3 silver boomerangs
 d - 142 stones
 p - 48 bolts
 A - 51 sling bullets
 B - 17 poisoned darts
Armour
 g - a +1 helmet of intelligence (worn)
 h - a +0 chain mail
 i - a +0 pair of gloves (worn)
 C - a +0 scale mail (worn)
Wands
 r - a wand of acid (2)
 t - a wand of paralysis (10)
Scrolls
 e - a scroll of holy word
 f - a scroll of summoning {unknown}
 l - a scroll of acquirement {unknown}
 m - a scroll of fog
 s - 2 scrolls of teleportation
 x - a scroll of brand weapon
 y - a scroll of silence
 z - a scroll of immolation {unknown}
Potions
 j - 3 potions of ambrosia {unknown}
 k - a potion of heal wounds {unknown}
 o - a potion of invisibility
 q - a potion of resistance
 v - 3 potions of haste {unknown}
 w - a potion of berserk rage {unknown}
 D - a potion of curing {unknown}


   Skills:
 + Level 6.4 Fighting
 * Level 10.3 Axes
 + Level 7.2 Armour
 + Level 7.2 Dodging


You had 8 spell levels left.
You didn't know any spells.
Your spell library was empty.

Dungeon Overview and Level Annotations

Branches:
Dungeon (7/15)             Temple (0/1) D:4

Altars:

Shops:
D:1 [   D:3 ?

Annotations:
D:4 3 runed translucent doors, othur's ghost, amateur GrFi


Innate Abilities, Weirdness & Mutations

You are resistant to damage.
You can heal yourself by infusing magical energy.
You passively map the area around you.
You do not regenerate.


Message History

Your skin crawls.
You feel strong-willed. The killer bee misses you. The killer bee stings you.
* * * LOW HITPOINT WARNING * * *
The killer bee stings you but does no damage.
The killer bee completely misses you. The shadow hits you.
* * * LOW HITPOINT WARNING * * *
The killer bee barely misses you. x2
Okay, then.
Okay, then.
You miss the killer bee.
The killer bee is severely wounded.
You miss the killer bee. You hit the shadow but do no damage.
The killer bee stings you. The killer bee closely misses you. x2
The shadow hits you. The killer bee stings you.
You are more poisoned.
The killer bee poisons you!
The killer bee stings you but does no damage.
The shadow barely misses you. The killer bee barely misses you.
You slash the killer bee!
You kill the killer bee!
Trog accepts your kill.
You miss the killer bee. You completely miss the shadow.
The killer bee barely misses you. The killer bee stings you.
* * * LOW HITPOINT WARNING * * *
The shadow hits you.
The killer bee stings you but does no damage.
You closely miss the killer bee.
The killer bee is heavily wounded.
You slash the shadow! The killer bee barely misses you.
The shadow barely misses you. The killer bee closely misses you. x2
The shadow slips into darkness.
The shadow flickers and vanishes!
Deactivating autopickup; reactivate with Ctrl-A.
You miss the killer bee.
The killer bee is heavily wounded.
You miss something. The killer bee closely misses you.
The killer bee stings you but does no damage.
The shadow strikes at you from the darkness!
You die...

...........)...#
,, **
..##8###8#.....#
* * ,,*#**
###)....# * * ,
,8 #.......#
#.......+ ** * *
#..)†...#,*
#.......#
#†......#, *
#@y.....# *
......{########
, * ,.......* ,
,** *#....(. ,
#...... * * * *
* .......* , ,
<,, , , ###.###
*** ** * #. *, ,
, * , , , *


You could see a killer bee.

Vanquished Creatures
  A two-headed ogre (D:6)
  Pikel (D:7)
  Eustachio (D:5)
  Menkaure (D:5)
  A water moccasin (D:5)
  An ice beast (D:7)
  A sky beast (D:6)
  2 ogres (D:6)
  2 lemures (D:7)
  A bullfrog (D:4)
  5 scorpions
  A wyvern skeleton (D:6)
  A water moccasin skeleton (D:6)
  2 killer bees (D:7)
  4 wights (D:7)
  2 howler monkeys
  A crimson imp (D:4)
  2 bullfrog zombies
  A jelly (D:6)
  A centaur zombie (D:6)
  4 orc priests
  A centaur skeleton (D:5)
  A hound (D:6)
  3 bullfrog skeletons
  Jessica (D:2)
  4 iguanas
  A scorpion zombie (D:5)
  4 orc wizards
  A hound skeleton (D:4)
  7 gnolls
  10 adders
  2 howler monkey skeletons
  2 white imps
  2 dart slugs
  24 orcs
  7 ball pythons
  9 bats
  12 endoplasms
  2 giant cockroaches
  6 goblins
  9 hobgoblins
  6 jackals
  8 kobolds
  3 quokkas
  2 frilled lizards
  7 rats
170 creatures vanquished.

Vanquished Creatures (others)
  9 fungi (D:4)
9 creatures vanquished.

Grand Total: 179 creatures vanquished

Notes
Turn   | Place    | Note
-------+----------+-------------------------------------------
     0 | D:1      | Gwenloh the Deep Dwarf Berserker began the quest for the
                  | Orb.
     0 | D:1      | Reached XP level 1. HP: 20/20 MP: 1/1
    90 | D:1      | Found Necazetz's Armour Shoppe.
   248 | D:1      | Reached XP level 2. HP: 17/27 MP: 2/2
   516 | D:1      | Reached XP level 3. HP: 22/33 MP: 3/3
   527 | D:1      | Reached ** piety under Trog
   705 | D:1      | Reached skill level 4 in Axes
  1014 | D:2      | You fall into a shaft and drop 1 floor!
  1315 | D:3      | You fall into a shaft and drop 2 floors!
  1315 | D:5      | Entered Level 5 of the Dungeon
  1316 | D:5      | Noticed a scorpion
  1331 | D:5      | Killed a scorpion
  1332 | D:5      | Reached XP level 4. HP: 33/42 MP: 4/4
  1338 | D:5      | Noticed Eustachio
  1355 | D:5      | Killed Eustachio
  1356 | D:5      | Reached skill level 5 in Axes
  1356 | D:5      | Reached XP level 5. HP: 47/49 MP: 5/5
  1382 | D:5      | Reached XP level 6. HP: 42/56 MP: 6/6
  1720 | D:5      | Noticed Menkaure
  1729 | D:5      | Killed Menkaure
  1934 | D:5      | Reached skill level 6 in Axes
  2132 | D:5      | Reached XP level 7. HP: 40/64 MP: 6/6
  2976 | D:4      | Found a runed translucent gate.
  2977 | D:4      | Found a runed translucent gate.
  2978 | D:4      | Found a runed translucent gate.
  3271 | D:4      | Reached skill level 7 in Axes
  3386 | D:4      | Reached XP level 8. HP: 29/73 MP: 7/7
  3522 | D:4      | Found a staircase to the Ecumenical Temple.
  3640 | D:4      | Reached skill level 5 in Dodging
  3739 | D:4      | Reached skill level 5 in Armour
  4031 | D:4      | Noticed othur's ghost (amateur GrFi)
  4397 | D:3      | Reached *** piety under Trog
  4427 | D:3      | Found Ule Ipna's Magic Scroll Boutique.
  4434 | D:3      | Bought a scroll of identify for 26 gold pieces
  4437 | D:3      | Bought a scroll of identify for 26 gold pieces
  4437 | D:3      | Bought a scroll of identify for 26 gold pieces
  4437 | D:3      | Bought a scroll of identify for 26 gold pieces
  4437 | D:3      | Bought a scroll of identify for 26 gold pieces
  4437 | D:3      | Bought a scroll of identify for 26 gold pieces
  4437 | D:3      | Bought a scroll of teleportation for 39 gold pieces
  4437 | D:3      | Bought a scroll of silence for 97 gold pieces
  4659 | D:2      | Noticed Jessica
  4666 | D:2      | Killed Jessica
  4726 | D:2      | Reached skill level 5 in Fighting
  5608 | D:6      | Reached skill level 8 in Axes
  5624 | D:6      | Noticed a two-headed ogre
  5637 | D:6      | Killed a two-headed ogre
  5638 | D:6      | Gained mutation: You passively map the area around you.
                  | [Deep Dwarf growth]
  5638 | D:6      | Reached XP level 9. HP: 81/81 MP: 8/8
  5691 | D:6      | Reached skill level 9 in Axes
  7084 | D:7      | Noticed Pikel
  7098 | D:7      | Killed Pikel
  7099 | D:7      | Reached skill level 10 in Axes
  7136 | D:7      | Slain by a shadow

Illustrated notes

Levels and vault maps discovered:
D:1:      minmay_arrival_widening_spiral_wide, layout_loops_ring, serial_shops,
          nicolae_shop_stone, serial_forest, infiniplex_forest_straight_5,
          infiniplex_forest_lined_ring, infiniplex_forest_lined_corner,
          infiniplex_forest_zigzag_1, infiniplex_forest_zigzag_1,
          item_on_display_a
D:2:      layout_loops_cross, uniq_jessica
D:3:      layout_loops_ring, serial_shops, shop_statue
D:4:      old_forge, layout_gridville, minmay_temple_entry_hall,
          ebering_ghost_rock_garden, hangedman_decor_peaks_small,
          minmay_fire_ice_demons
D:5:      layout_layer_cave, uniq_eustachio, uniq_menkaure
D:6:      layout_cave_pods
D:7:      layout_basic, mainiacjoe_overflow_surrounded_room,
          serial_corexii_hall, corexii_hall_statues_s, corexii_hall_statues_x,
          uniq_pikel

Skill      XL: |  1  2  3  4  5  6  7  8  9 |
---------------+----------------------------+-----
Axes           | 4 5 6 7 8 10 | 10.3
Fighting       | 3 4 5 6 |  6.4
Armour         | 3 4 6 7 |  7.2
Dodging        | 3 4 6 7 |  7.2

Action                   |  1- 3 |  4- 6 |  7- 9 || total
-------------------------+-------+-------+-------++-------
Melee: Hand axe          |   162 |    71 |   377 ||   610
       War axe           |       |       |    80 ||    80
 Fire: Hunting sling     |       |       |    37 ||    37
Throw: Stone             |    56 |       |       ||    56
       Boomerang         |     1 |    17 |    51 ||    69
Invok: Trog's Hand       |     2 |     4 |    12 ||    18
       Berserk           |     1 |     2 |     5 ||     8
 Abil: Heal Wounds       |     1 |     1 |     1 ||     3
  Use: Scroll            |       |       |    10 ||    10
Armor: Animal skin       |     1 |       |       ||     1
       Ring mail         |    46 |    15 |   100 ||   161
       Scale mail        |       |       |    69 ||    69
Dodge: Dodged            |    78 |    47 |   298 ||   423
